 Dungeon Crawl Stone Soup version 0.20-a0-1116-gaa52201 (webtiles) character file.

52 grindst0ne the Skirmisher (level 3, 0/29 HPs)
             Began as a Demonspawn Gladiator on May 7, 2017.
             Succumbed to a kobold's poison
             ... on level 2 of the Dungeon.
             The game lasted 00:01:43 (844 turns).

grindst0ne the Skirmisher (Demonspawn Gladiator)     Turns: 844, Time: 00:01:43

Health: 0/29       AC:  7    Str: 15    XL:     3   Next: 60%
Magic:  3/3        EV: 10    Int:  9    God:
Gold:   23         SH:  0    Dex: 16    Spells: 2/2 levels left

rFire    + . .     SeeInvis .   a - +0 war axe
rCold    . . .     Gourm    .   (no shield)
rNeg     . . .     Faith    .   i - +0 scale mail
rPois    .         Spirit   .   c - +0 helmet
rElec    .         Reflect  .   (no cloak)
rCorr    .         Harm     .   (no gloves)
MR       .....                  (no boots)
Stlth    +.........             (no amulet)
Regen    0.1/turn               (no ring)
MPRegen  0.1/turn               (no ring)

@: lethally poisoned (0 -> -41)
A: thin skeletal structure 1, fire resistance 1
a: no special abilities


You were on level 2 of the Dungeon.
You were not hungry.

You visited 1 branch of the dungeon, and saw 2 of its levels.

You collected 23 gold pieces.

Inventory:

Hand Weapons
 a - a +0 war axe (weapon)
Missiles
 d - 3 throwing nets (quivered)
Armour
 b - a +0 leather armour
 c - a +0 helmet (worn)
 i - a +0 scale mail (worn)
Scrolls
 e - a scroll of amnesia {unknown}
 h - 2 scrolls of recharging {unknown}
 k - a scroll of blinking {unknown}
 m - a scroll of noise {unknown}
 n - a scroll of identify {unknown}
 q - a scroll of remove curse {unknown}
Potions
 o - a potion of heal wounds {unknown}
 p - a potion of curing {unknown}
Comestibles
 f - a bread ration
 g - 2 chunks of flesh
 j - a meat ration
 l - a fruit


   Skills:
 + Level 3.1 Fighting
 - Level 2.8 Axes
 - Level 1.7 Throwing
 + Level 1.6 Armour
 - Level 2.7 Dodging


You had 2 spell levels left.
You didn't know any spells.

Dungeon Overview and Level Annotations

Branches:
Dungeon (2/15)

Altars:
The Shining One


Innate Abilities, Weirdness & Mutations

You have a somewhat thin skeletal structure. (Dex +2, Stealth)
Your flesh is heat resistant. (rF+)


Message History

You barely miss the kobold.
The kobold is heavily wounded.
You feel very sick. The kobold hits you but does no damage.
You are more poisoned.
You feel sick. The kobold hits you but does no damage.
You are more poisoned.
* * * LOW HITPOINT WARNING * * *
You feel very sick.
There is an open door here.
You see here a stone.
You hit the kobold but do no damage.
The kobold is heavily wounded.
* * * LOW HITPOINT WARNING * * *
You feel very sick. The kobold hits you but does no damage.
You are more poisoned.
You hit the kobold but do no damage.
The kobold is heavily wounded.
You die...

#.......# .... ..
#.......# .... ##
#.).....# ....
.......##..
.......#
#...[.###.#
#.†.....!.# #
#...K.#### #
####@## # #(# ###
#.# #..
#.##############÷#
#.............##.#
#############.##.#
#.##.# #....#
######


You could see a kobold.

Vanquished Creatures
  Terence (D:2)
  An ooze (D:2)
  A leopard gecko (D:1)
  2 bats (D:1)
  A giant cockroach (D:1)
  2 goblins (D:1)
  3 hobgoblins (D:1)
  4 frilled lizards
  3 kobolds (D:1)
  3 rats (D:1)
21 creatures vanquished.

Notes
Turn   | Place    | Note
-------+----------+-------------------------------------------
     0 | D:1      | grindst0ne the Demonspawn Gladiator began the quest for the Orb.
     0 | D:1      | Reached XP level 1. HP: 16/16 MP: 1/1
   141 | D:1      | Gained mutation: Your flesh is heat resistant. (rF+) [demonic ancestry]
   141 | D:1      | Reached XP level 2. HP: 20/23 MP: 2/2
   420 | D:1      | Found a glowing golden altar of the Shining One.
   734 | D:2      | Reached skill level 1 in Armour
   763 | D:2      | Noticed Terence
   772 | D:2      | Killed Terence
   772 | D:2      | Reached skill level 3 in Fighting
   772 | D:2      | Gained mutation: You have a somewhat thin skeletal structure. (Dex +2, Stealth) [demonic ancestry]
   772 | D:2      | Reached XP level 3. HP: 27/29 MP: 3/3
   844 | D:2      | Succumbed to a kobold's poison

Vault maps used:
D:1:      elethiomel_arrival_shortcut, tso_altar
D:2:      uniq_terence

Skill      XL: |  1  2 |
---------------+-------+-----
Armour         | 1 |  1.6
Fighting       | 3 |  3.1
Axes           | |  2.8
Throwing       | |  1.7
Dodging        | |  2.7

Action                   || total
-------------------------++-------
Melee: War axe           ||    76
Armor: Scale mail        ||    39
       Leather armour    ||     5
Dodge: Dodged            ||    54
